 Dungeon Crawl Stone Soup version 0.28-a0-1344-g6b9ff3a05d (webtiles) character file.

Game seed: 15216583580349582903

154 Deminshera the Chopper (level 5, -2/47 HPs)
             Began as a Hill Orc Abyssal Knight on Dec 29, 2021.
             Was a Priest of Lugonu.
             Succumbed to Sigmund's poison
             ... on level 3 of the Dungeon.
             The game lasted 00:03:19 (3853 turns).

Deminshera the Chopper (Hill Orc Abyssal Knight)    Turns: 3853, Time: 00:03:20

Health: -2/47      AC:  9    Str: 18    XL:     5   Next: 36%
Magic:  8/8        EV:  7    Int: 10    God:    Lugonu [***...]
Gold:   150        SH:  0    Dex: 11    Spells: 4/4 levels left

rFire   + . .      SeeInvis .   k - +0 war axe
rCold   + . .      Faith    .   (no shield)
rNeg    . . .      Spirit   .   d - +0 chain mail
rPois   +          Reflect  .   a - +0 helmet
rElec   +          Harm     .   (no cloak)
rCorr   +          Rampage  .   (no gloves)
Will    .....                   (no boots)
Stlth   ..........              (no amulet)
HPRegen 0.15/turn               (no ring)
MPRegen 0.11/turn               (no ring)

@: brilliant, lethally poisoned (-2 -> -20), resistant
A: no striking features
a: Renounce Religion, Depart the Abyss, Bend Space, Banish


You were on level 3 of the Dungeon.
You worshipped Lugonu.
Lugonu was most pleased with you.
You visited 1 branch of the dungeon, and saw 3 of its levels.
You visited the Abyss 1 time.

You collected 150 gold pieces.

Inventory:

Hand Weapons
 k - a +0 war axe (weapon)
Armour
 a - a +0 helmet (worn)
 d - a +0 chain mail (worn)
Jewellery
 l - a ring of wizardry
Wands
 m - a wand of charming (5)
 n - a wand of polymorph (12)
Scrolls
 b - a scroll of brand weapon {unknown}
 c - 3 scrolls of identify {unknown}
 j - a scroll of teleportation {unknown}
 o - a scroll of acquirement {unknown}
Potions
 e - a potion of resistance
 f - a potion of might
 g - a potion of brilliance
 h - a potion of mutation {unknown}
 i - a potion of attraction {unknown}


   Skills:
 + Level 4.7 Fighting
 * Level 5.4 Axes
 - Level 2.1 Armour
 - Level 0.7 Dodging
 + Level 4.0 Invocations


You had 4 spell levels left.
You didn't know any spells.
Your spell library contained the following spells:

 Spells                   Type           Power      Damage    Failure   Level
 Fulminant Prism          Conj/Hex       0%         3d6       100%        4
 Iskenderun's Mystic Bla  Conj/Tloc      0%         2d3       100%        4
 Lee's Rapid Deconstruct  Erth           0%         3d5*      100%        5


Dungeon Overview and Level Annotations

Branches:
Dungeon (3/15)

Altars:

Annotations:
D:3 1 runed translucent door, Deminshera's ghost, weakling NaHu; Sigmund


Message History

You slash the giant cockroach!
You kill the giant cockroach!
Lugonu accepts your kill.
Sigmund hits you from afar with a +0 scythe!
You closely miss the rat. The rat bites you.
Sigmund drinks a potion.
Sigmund seems to grow stronger.
The rat barely misses you.
You slash the rat!
You kill the rat!
Lugonu accepts your kill.
Sigmund hits you from afar with a +0 scythe.
Sigmund hits you with a +0 scythe.
You closely miss Sigmund. Sigmund hits you but does no damage.
You closely miss Sigmund. You slash Sigmund!
Sigmund is moderately wounded.
Sigmund hits you with a +0 scythe!
* * * LOW HITPOINT WARNING * * *
You are too injured to fight recklessly!
You are too injured to fight recklessly!
You are too injured to fight recklessly!
You are too injured to fight recklessly!
You are too injured to fight recklessly!
You are too injured to fight recklessly!
You are too injured to fight recklessly!
Aiming: Polymorph
Press: ? - help, Shift-Dir - straight line, f - Sigmund
Aim: Sigmund, wielding a +0 scythe and wearing a +0 robe (moderately wounded, strong, will become a quokka, a river rat, or a cane toad, chance to affect: 57%) Sigmund evaporates and reforms as a cane toad!
Sigmund stings you.
* * * LOW HITPOINT WARNING * * *
You are lethally poisoned!
Sigmund poisons you!
It was a potion of resistance.
You feel protected.
* * * LOW HITPOINT WARNING * * *
You feel very sick. Sigmund closely misses you.
It was a potion of brilliance.
You feel clever all of a sudden.
You die...

.(##..#.######
#).#......#
##.##.#.#..#
#..#...##..###########
##....####...........#
###......#..........#
#....#............#
#.##.# #.....F....#
#.##(## #..†@.....# #
##.##..# #.........#
####....#.# #.........#
(.##....#.###.†.......#
#.......#....†#########
####....#>....#
..............#
#########.....# #.....#


You could see Sigmund the cane toad.

Vanquished Creatures
  Ijyb (D:3)
  Robin (D:3)
  3 adders
  A dart slug (D:3)
  6 orcs (D:3)
  4 endoplasms
  6 giant cockroaches
  10 goblins
  10 hobgoblins
  4 jackals (D:1)
  2 quokkas (D:1)
  3 ball pythons
  5 bats
  A frilled lizard (D:3)
  9 kobolds
  11 rats
77 creatures vanquished.

Vanquished Creatures (others)
  5 starspawn tentacles (Abyss:1)
  2 withered plants (D:3)
7 creatures vanquished.

Grand Total: 84 creatures vanquished

Notes
Turn   | Place    | Note
-------+----------+-------------------------------------------
     0 | Abyss:1  | Deminshera the Hill Orc Abyssal Knight began the quest for
                  | the Orb.
     0 | Abyss:1  | Reached XP level 1. HP: 19/19 MP: 2/2
   109 | Abyss:1  | Noticed a tentacled starspawn
   114 | Abyss:1  | Found a corrupted altar of Lugonu.
   133 | D:1      | Escaped the Abyss
   163 | D:1      | Reached skill level 3 in Axes
   225 | D:1      | Reached XP level 2. HP: 11/27 MP: 4/4
   649 | D:1      | Found a faded altar of an unknown god.
  1050 | D:1      | Reached ** piety under Lugonu
  1054 | D:1      | Reached XP level 3. HP: 30/33 MP: 5/5
  1411 | D:2      | Reached skill level 4 in Axes
  2243 | D:3      | Reached XP level 4. HP: 31/40 MP: 6/6
  2994 | D:3      | Found a runed translucent door.
  2994 | D:3      | Noticed Deminshera's ghost (weakling NaHu)
  3025 | D:3      | Noticed Robin
  3050 | D:3      | Reached skill level 5 in Axes
  3057 | D:3      | Killed Robin
  3058 | D:3      | Reached XP level 5. HP: 19/47 MP: 7/7
  3526 | D:3      | Reached *** piety under Lugonu
  3639 | D:3      | Noticed Ijyb
  3664 | D:3      | Killed Ijyb
  3841 | D:3      | Noticed Sigmund
  3851 | D:3      | Noticed Sigmund
  3851 | D:3      | Sigmund changed into Sigmund the cane toad
  3852 | D:3      | HP: 2/47 [poisoned by Sigmund]
  3853 | D:3      | Succumbed to Sigmund's poison

Illustrated notes

Levels and vault maps discovered:
D:1:      dpeg_arrival_ratfight, layout_loops_cross,
          ebering_ecumenical_altar_mist
D:2:      layout_basic
D:3:      layout_rooms, gammafunk_ghost_grave, uniq_robin, uniq_ijyb,
          uniq_sigmund

Skill      XL: |  1  2  3  4  5 |
---------------+----------------+-----
Axes           | 3 4 5 |  5.4
Fighting       | 4 |  4.7
Invocations    | 3 4 |  4.0
Armour         | |  2.1
Dodging        | |  0.7

Action                   |  1- 3 |  4- 6 || total
-------------------------+-------+-------++-------
Melee: Hand axe          |   126 |    35 ||   161
       War axe           |       |    76 ||    76
Evoke: Wand              |       |     1 ||     1
  Use: Potion            |       |     2 ||     2
Armor: Chain mail        |    67 |    58 ||   125
       Leather armour    |     3 |       ||     3
Dodge: Dodged            |    45 |    39 ||    84

Table legend: (Time is in decaauts)
 A = Elapsed time spent in this place.
 B = Non-inter-level travel time spent in this place.
 C = Inter-level travel time spent in this place.
 D = Time resting spent in this place.
 E = Time spent auto-exploring this place.
 F = Levels seen in this place.
 G = Mean time per level.
                   A        B        C        D        E       F      G
               +--------+--------+--------+--------+--------+-----+--------+
         Total |   3886 |   3854 |     32 |   1499 |   1830 |   4 |  971.5 |
       Dungeon |   3753 |   3721 |     32 |   1499 |   1722 |   3 | 1251.0 |
         Abyss |    133 |    133 |      0 |      0 |    108 |   1 |  133.0 |
               +--------+--------+--------+--------+--------+-----+--------+

Top non-repeatable levels by time:
     D:3: 1792 daAuts
     D:1: 1158 daAuts
     D:2: 803 daAuts
 Abyss:1: 133 daAuts
